 Dungeon Crawl Stone Soup version 0.32-a0-576-g706899e69d (webtiles) character file.

Game seed: 8184474761921345946

5 CougarLife the Digger (level 1, -4/10 HPs)
             Began as a Gargoyle Earth Elementalist on Mar 1, 2024.
             Slain by a hobgoblin
             ... wielding a +0 spear
              (8 damage)
             ... on level 1 of the Dungeon.
             The game lasted 00:00:15 (150 turns).

CougarLife the Digger (Gargoyle Earth Elementalist)  Turns: 150, Time: 00:00:15

Health: -4/10      AC:  4    Str: 11    XL:     1   Next: 80%
Magic:  0/3        EV: 11    Int: 15    God:
Gold:   14         SH:  0    Dex: 10    Spells: 3/4 levels left

rFire   . . .        (no weapon)
rCold   . . .        (no shield)
rNeg    + . .        a - +0 robe
rPois   ∞            (no helmet)
rElec   +            (no cloak)
rCorr   .            (no gloves)
SInv    .            (no boots)
Will    .....        (no amulet)
Stlth   ++           (no ring)
HPRegen 0.21/turn    (no ring)
MPRegen 0.08/turn

%: no passive effects
@: no status effects
A: sickness immunity, AC +2, negative energy resistance 1, electricity
resistance, torment resistance 1, petrification resistance
a: no special abilities


You were on level 1 of the Dungeon.
You visited 1 branch of the dungeon, and saw 2 of its levels.

You collected 14 gold pieces.

Inventory:

Armour
 a - a +0 robe (worn)
Scrolls
 c - a scroll of enchant weapon {unknown}
Potions
 b - a potion of magic


   Skills:
 - Level 1.5 Dodging
 - Level 2.1 Stealth
 + Level 2.1 Spellcasting
 + Level 1.4 Conjurations
 + Level 3.8 Earth Magic


You had 3 spell levels left.
You knew the following spells:

 Your Spells              Type           Power      Damage    Failure   Level
a - Sandblast             Erth           26%        2d8       4%          1

Your spell library contained the following spells:

 Spells                   Type           Power      Damage    Failure   Level
 Passwall                 Erth           13%        N/A       14%         3
 Stone Arrow              Conj/Erth      18%        3d8       22%         3
 Brom's Barrelling Bould  Conj/Erth      9%         2d3       58%         4
 Petrify                  Alch/Erth      7%         N/A       69%         4


Dungeon Overview and Level Annotations

Branches:
Dungeon (2/15)

Altars:

Annotations:
D:2 Sigmund


Innate Abilities, Weirdness & Mutations

You are immune to sickness and miasma.
Your stone body is resilient. (AC +2)
You are immune to poison.
You resist negative energy. (rN+)
You are resistant to electric shocks. (rElec)
You are resistant to unholy torment.
You are immune to petrification.


Message History

The blast of sand hits the rat!
You kill the rat!
Sigmund shouts!
You hear an angry hiss.
You climb upwards.
The dart slug launches a dart at you. The slug dart misses you.
There is a stone staircase leading down here.
You climb downwards.
Level annotation: Sigmund The bat hits you but does no damage.
The bat closely misses you.
A ball python comes into view.
The bat hits you but does no damage. The bat closely misses you.
The bat barely misses you.
There is a stone staircase leading up here.
The bat barely misses you.
You climb upwards.
The hobgoblin barely misses you.
There is a stone staircase leading down here.
The bat closely misses you. The bat closely misses you.
The bat attacks as it pursues you! The bat barely misses you. x2
The bat hits you. The bat attacks as it pursues you! The bat hits you.
The bat hits you but does no damage.
Found a purple potion.
The bat barely misses you.
The hobgoblin attacks as it pursues you!
The hobgoblin misses you. The bat barely misses you.
You see here a purple potion.
Casting: Sandblast (safe; 4% risk of failure)
Confirm with . or Enter, or press ? or * to list all spells.
Aiming: Sandblast (safe; 4% risk of failure)
Press: ? - help, Shift-Dir - straight line, f - hobgoblin
Aim: a hobgoblin, wielding a +0 spear and quivering stones (82% to hit)
The blast of sand hits the bat!
You kill the bat!
The hobgoblin hits you from afar with a +0 spear.
The hobgoblin throws a stone.
The stone completely misses you.
The hobgoblin hits you from afar with a +0 spear!
Ouch! That really hurt!
You die...

........## ####
###..######....
.#.###.## ##.##....$#
....########### #..w..##
....#ß≈≈≈≈≈§≈ß#
##>##..##
..#.#.........#
###.###..#
..#.#.........######...#
##.....w
..#.'....ß....##.gw.w###
..##.#
..#.'....ß...<##.#####
!..# ..#.#.........#.@#
..#.# ..#.#.........####
.##.# #...#ß≈§≈§≈≈≈ß# ..
. #...########### .. #
#####


You could see a hobgoblin.

Vanquished Creatures
  An endoplasm (D:1)
  A goblin (D:1)
  A bat (D:1)
  2 frilled lizards (D:1)
  A rat (D:2)
6 creatures vanquished.

Notes
Turn   | Place    | Note
-------+----------+-------------------------------------------
     0 | D:1      | CougarLife the Gargoyle Earth Elementalist began the quest
                  | for the Orb.
     0 | D:1      | Reached XP level 1. HP: 10/10 MP: 3/3
   131 | D:2      | Noticed Sigmund
   150 | D:1      | Slain by a hobgoblin

Illustrated notes

Levels and vault maps discovered:
D:1:      lightli_arrival_noodles, layout_rooms, chequers_decorated_corner,
          minmay_misc_feat_columns, minmay_tromino_v7
D:2:      layout_rooms, minmay_pentomino_pile, uniq_jessica, uniq_sigmund

Action                     || total
---------------------------++-------
  Melee: Unarmed           ||     3
   Cast: Sandblast         ||     9
 Armour: Robe              ||    14
  Dodge: Dodged            ||    21

Table legend: (Time is in decaauts)
 A = Elapsed time spent in this place.
 B = Non-inter-level travel time spent in this place.
 C = Inter-level travel time spent in this place.
 D = Time resting spent in this place.
 E = Time spent auto-exploring this place.
 F = Levels seen in this place.
 G = Mean time per level.
                   A        B        C        D        E       F      G
               +--------+--------+--------+--------+--------+-----+--------+
         Total |    155 |    155 |      0 |      0 |     99 |   2 |   77.5 |
       Dungeon |    155 |    155 |      0 |      0 |     99 |   2 |   77.5 |
               +--------+--------+--------+--------+--------+-----+--------+

Top non-repeatable levels by time:
     D:1: 150 daAuts
     D:2: 5 daAuts
